Map: Catalyst LE

Players

Luc - Winner!

  • Race: Zerg Zerg
  • League: Platinum
  • Spawn Location: 5:00

Crafty

  • Race: Protoss Protoss
  • League: Platinum
  • Spawn Location: 11:00

VOD

Have the link to the VOD?

Description

A fine gentleman's game

Time

  • Played on: Aug. 10, 2018, 4:29 p.m.
  • Length: 4:30
Show
View Real Time Build Order
Export as new Build Order

Luc Zerg - Winner!

Build Orders: Pool First 

Get SALT Encoding   

  12  0:02  Drone  
  13  0:13  Overlord  
  13  0:17  Drone  
  14  0:35  Spawning Pool  
  13  0:38  Drone  
  14  0:52  Drone  
  14  0:53  Drone  
  14  0:54  Drone  
  17  1:19  Hatchery  
  17  1:23  Zergling x4  
  18  1:26  Zergling x2  
  19  1:36  Overlord  
  19  1:47  Zergling x2  
  20  1:57  Zergling x2  
  21  2:17  Queen  
  23  2:32  Hatchery  
  23  2:33  Spine Crawler  
  20  3:06  Spine Crawler  
  20  3:08  Spine Crawler  
  9  3:22  Zergling x2  
  9  3:23  Zergling x10  
  12  3:45  Zergling x2  
  12  3:46  Zergling x6  
  9  4:02  Zergling x2  
  10  4:03  Zergling x2  
Show
View Real Time Build Order
Export as new Build Order

Crafty Protoss 

Build Orders:  

Get SALT Encoding   

  1  0:00  Probe  
  12  0:06  Probe  
  14  0:19  Pylon  
  14  0:23  Probe  
  15  0:37  Probe  
  15  0:41  Pylon  
  16  0:49  Probe  
  17  1:01  Gateway  
  17  1:02  Gateway  
  17  1:17  Gateway  
  17  1:23  Gateway  
  17  1:30  Pylon  
  17  1:51  Zealot x2  
  21  2:07  Zealot  
  23  2:10  Zealot  
  23  2:14  Zealot x2  
  29  2:29  Probe  
  28  2:34  Zealot  
  27  2:37  Zealot  
  22  2:59  Zealot  
Tags
 
Add a new tag
Caveats
  • Supply blocks, unpowered buildings, or Contaminate may cause inaccurate times.
  • Supply counts are checked every 10 seconds.